AoeStats
← [PSCH] R!ce

Nomad

507748107Analyzed
2v2 RM · 12d ago on Sep 19, 2026· 41m 0s· 4 players
Game mode
Random Map
Map size
176×176
Population
200
Speed
Normal
Resources
Standard
Victory
Conquest
Starting age
Dark Age
Ending age
Imperial Age
RankedLock teamsTeams togetherTeam positionsShared explorationLock speedFull tech treeHidden civsTurbo modeCheats
Victory
Defeat
🇺🇸 Dravidians · United States
1510
+14
🇺🇸 Vietnamese · United States
1425
+19
🇨🇭 Portuguese · Switzerland
1481
-17
🇨🇭 Italians · Switzerland
1460
-16
WavyDavyBby
13:34 Feudal Age
16:37 Loom
20:33 Castle Age
20:04 Wheelbarrow
23:31 Medium Warships
23:13 Gold Mining
24:35 Hand Cart
27:52 Fletching
33:37 Bodkin Arrow
37:04 Double-Bit Axe
42:00 Ballistics
Advanta09
5:41 Loom
10:34 Loom
12:41 Feudal Age
15:24 Double-Bit Axe
15:33 Gold Mining
17:32 Fishing Lines
20:12 Castle Age
21:11 Bow Saw
21:55 Gillnets
23:13 Wheelbarrow
24:00 Medium Warships
24:20 Fletching
24:58 Town Watch
28:33 Hand Cart
28:30 Horse Collar
32:07 Imperial Age
31:33 Bodkin Arrow
32:04 Careening
32:40 Ballistics
33:03 Forging
34:14 Bracer
35:12 Heavy Warships
35:06 Stone Mining
36:13 Padded Archer Armor
39:07 Chemistry
41:04 Chatras
41:30 Paper Money
41:14 Treadmill Crane
[PSCH] R!ce
4:54 Loom
12:47 Feudal Age
16:30 Fletching
17:25 Double-Bit Axe
22:15 Castle Age
22:28 Crossbowman
23:04 Bodkin Arrow
24:23 Light Cavalry
25:13 Bloodlines
31:10 Ballistics
40:51 Imperial Age
39:42 Bloodlines
43:07 Imperial Age
[PSCH] wolverito
7:11 Loom
12:55 Feudal Age
13:47 Fishing Lines
13:58 Double-Bit Axe
14:34 Fletching
16:39 Forging
22:53 Castle Age
23:48 Medium Warships
24:15 Iron Casting
23:37 Bodkin Arrow
24:40 Bow Saw
26:52 Gold Mining
26:52 Stone Mining
29:23 Gillnets
35:40 Wheelbarrow
38:36 Imperial Age
38:20 Scale Barding Armor
Connection lost

Rejoining the realm…

Still unreachable

The connection could not be restored.

Session expired

The server has moved on; the page needs a fresh start.